 Dungeon Crawl Stone Soup version 0.29-a0-648-g6b26cc9f40 (webtiles) character file.

Game seed: 7118189322511024174

585 Kaemin the Cudgeller (level 7, -3/59 (61) HPs)
             Began as a Minotaur Berserker on June 20, 2022.
             Was a Priest of Trog.
             Succumbed to a water moccasin's poison
             ... on level 6 of the Dungeon.
             The game lasted 00:17:59 (4094 turns).

Kaemin the Cudgeller (Minotaur Berserker)           Turns: 4094, Time: 00:17:59

HP:   -3/59 (61)    AC: 16    Str: 29    XL:     7   Next: 15%
MP:   6/6           EV:  8    Int:  4    God:    Trog [***...]
Gold: 152           SH:  0    Dex: 10    Spells: 6/6 levels left

rFire   . . .      SeeInvis .   h - +0 great mace
rCold   . . .      Faith    .   (shield currently unavailable)
rNeg    . . .      Spirit   .   B - +0 plate armour
rPois   .          Reflect  .   (helmet restricted)
rElec   .          Harm     .   D - +2 cloak
rCorr   .          Rampage  .   C - +0 pair of gloves
Will    .....                   (no boots)
Stlth   ..........              (no amulet)
HPRegen 0.19/turn               A - +6 ring of strength
MPRegen 0.10/turn               (no ring)

@: lethally poisoned (-3 -> -25), on berserk cooldown, slowed, lightly drained,
very slow
A: horns 2, retaliatory headbutt
a: Renounce Religion, Berserk, Trog's Hand


You were on level 6 of the Dungeon.
You worshipped Trog.
Trog was most pleased with you.
You visited 1 branch of the dungeon, and saw 6 of its levels.
You also visited: Sewer.

You collected 152 gold pieces.

Inventory:

Hand Weapons
 h - a +0 great mace (weapon)
 p - a +2 whip of electrocution
Missiles
 y - 3 poisoned darts (quivered)
Armour
 B - a +0 plate armour (worn)
 C - a +0 pair of gloves (worn)
 D - a +2 cloak (worn)
Jewellery
 A - a +6 ring of strength (left hand)
Wands
 z - a wand of flame (12)
Scrolls
 g - 2 scrolls of immolation
 q - a scroll of magic mapping {unknown}
 t - a scroll of noise
 v - a scroll of vulnerability
 x - a scroll of teleportation
 E - a scroll of silence {unknown}
Potions
 c - a potion of invisibility {unknown}
 e - a potion of mutation {unknown}
 f - 2 potions of lignification
 i - a potion of curing {unknown}
 j - a potion of flight {unknown}
 k - 4 potions of attraction
 l - 3 potions of resistance
 m - a potion of magic {unknown}
 n - 4 potions of might
 s - 3 potions of haste {unknown}
 u - a potion of brilliance {unknown}


   Skills:
 + Level 5.1 Fighting
 + Level 4.0 Long Blades
 + Level 5.5 Maces & Flails
 + Level 0.1 Throwing
 + Level 5.0 Armour
 + Level 3.6 Dodging
 + Level 1.1 Stealth


You had 6 spell levels left.
You didn't know any spells.
Your spell library contained the following spells:

 Spells                   Type           Power      Damage    Failure   Level
 Sandblast                Erth           0%         2d4       99%         1
 Blink                    Tloc           0%         N/A       100%        2
 Passwall                 Tmut/Erth      0%         N/A       100%        2
 Lesser Beckoning         Tloc           0%         N/A       100%        3
 Stone Arrow              Conj/Erth      0%         3d7       100%        3
 Anguish                  Hex/Necr       0%         N/A       100%        4
 Manifold Assault         Tloc           0%         N/A       100%        5
 Enfeeble                 Hex            0%         N/A       100%        7


Dungeon Overview and Level Annotations

Branches:
Dungeon (6/15)             Temple (0/1) D:4           Sewer (visited)

Altars:


Innate Abilities, Weirdness & Mutations

You have a pair of horns on your head.
You reflexively headbutt those who attack you in melee.


Message History

The water moccasin poisons you!
Okay, then.
You are too confused!
You are too confused!
You bludgeon the orc wizard!!
You kill the orc wizard!
Trog accepts your kill.
Trog appreciates your killing of a magic user.
You feel less confused.
You feel extremely sick. The hound bites you but does no damage.
The water moccasin bites you.
You are lethally poisoned!
The water moccasin poisons you! The hound bites you.
The water moccasin bites you.
The orc priest hits you but does no damage.
The hound bites you but does no damage. The water moccasin barely misses you.
Okay, then.
Read: 3 scrolls of immolation
Press: ? - help, Q - select action, (/) - cycle Dir - look around, f - activate Look: an orc priest, wielding a +0 hand axe and wearing a +0 leather armour (heavily wounded, susceptible)
As you read the scroll of immolation, it crumbles to dust.
The creatures around you are filled with an inner flame!
* * * LOW HITPOINT WARNING * * *
You feel extremely sick. The hound barely misses you.
The water moccasin completely misses you.
The orc priest invokes the aid of Beogh against you.
Beogh smites you!
* * * LOW HITPOINT WARNING * * *
The orc hits you but does no damage. The hound bites you but does no damage.
The orc hits you but does no damage.
The orc priest hits you with a +0 hand axe.
* * * LOW HITPOINT WARNING * * *
The water moccasin closely misses you. You furiously retaliate!
You headbutt the water moccasin, but do no damage.
Blink to where?
Press: ? - help, Q - select action, (/) - cycle Dir - move target, p - orc priest
Found a spear.
As you read the scroll of blinking, it crumbles to dust.
You die...

. ### .... ...##..
##.......
.......#######........
.......@.#............
#.#)...#.#.#..........
.....###..............
.##. ##............ ..
#............. ##
#.....§o.<....
#....Sho......
#.....Y.......
#...))........


You could see a water moccasin (inner flame), an ice beast (inner flame) and a
hound (inner flame).

Vanquished Creatures
  A kobold brigand (Sewer)
  2 scorpions (D:4)
  A necrophage (D:5)
  2 jellies (D:4)
  Ijyb (D:4)
  An orc wizard (D:6)
  5 adders
  4 gnolls (D:3)
  4 river rats (Sewer)
  A dart slug (D:3)
  4 orcs
  10 ball pythons
  6 bats
  8 endoplasms
  4 giant cockroaches
  8 goblins
  5 hobgoblins
  3 quokkas
  3 frilled lizards
  21 kobolds
  22 rats
116 creatures vanquished.

Notes
Turn   | Place    | Note
-------+----------+-------------------------------------------
     0 | D:1      | Kaemin the Minotaur Berserker began the quest for the Orb.
     0 | D:1      | Reached XP level 1. HP: 19/19 MP: 0/0
   436 | D:1      | Reached XP level 2. HP: 27/27 MP: 1/1
  1279 | D:2      | Reached XP level 3. HP: 7/33 MP: 2/2
  1570 | D:2      | Found a faded altar of an unknown god.
  1797 | D:3      | Reached ** piety under Trog
  1894 | D:3      | Reached skill level 1 in Maces & Flails
  1971 | D:3      | Reached XP level 4. HP: 41/41 MP: 3/3
  2203 | D:3      | Found a glowing drain.
  2219 | Sewer    | Entered a sewer
  2332 | Sewer    | Reached XP level 5. HP: 42/47 MP: 4/4
  2512 | Sewer    | Reached *** piety under Trog
  2796 | D:3      | Reached XP level 6. HP: 55/55 MP: 5/5
  3344 | D:4      | Reached skill level 5 in Fighting
  3416 | D:4      | Noticed Ijyb
  3424 | D:4      | Killed Ijyb
  3559 | D:4      | Found a staircase to the Ecumenical Temple.
  3709 | D:4      | Reached skill level 5 in Maces & Flails
  3709 | D:4      | Reached skill level 1 in Stealth
  4009 | D:5      | Entered Level 5 of the Dungeon
  4064 | D:5      | Reached skill level 5 in Armour
  4064 | D:5      | Reached XP level 7. HP: 61/61 MP: 6/6
  4077 | D:5      | You fall into a shaft and drop 1 floor!
  4094 | D:6      | Succumbed to a water moccasin's poison

Illustrated notes

Levels and vault maps discovered:
D:1:      kennysheep_arrival_forest, layout_rooms, amcnicky_mini_pool_small
D:2:      layout_rooms, hellmonk_ecumenical_altar_blasted, roderic_lattice_a
D:3:      layout_basic, portal_sewer_entry_a, grunt_ministairs_11, st_stairs_2
D:4:      layout_gridville, minmay_temple_entry_hall, uniq_ijyb
D:5:      layout_basic, serial_rivers, chequers_serial_rivers_micro_d,
          chequers_serial_rivers_micro_c, chequers_serial_rivers_micro_d,
          chequers_serial_rivers_large_a, chequers_serial_rivers_micro_b,
          chequers_serial_rivers_micro_c
D:6:      layout_basic, minmay_misc_feat_roman

Skill      XL: |  1  2  3  4  5  6 |
---------------+-------------------+-----
Fighting       | 4 5 |  5.1
Long Blades    | 4 |  4.0
Maces & Flails | 1 2 3 5 |  5.5
Armour         | 3 4 5 |  5.0
Dodging        | 3 |  3.6
Stealth        | 1 |  1.1
Throwing       | |  0.1

Action                   |  1- 3 |  4- 6 |  7- 9 || total
-------------------------+-------+-------+-------++-------
Melee: Falchion          |    39 |       |       ||    39
       Headbutt          |     7 |    10 |     2 ||    19
       Great mace        |    57 |   123 |     8 ||   188
Throw: Dart              |       |     1 |       ||     1
       Throwing net      |       |     1 |       ||     1
Invok: Berserk           |     3 |     5 |     1 ||     9
  Use: Scroll            |     2 |     6 |     2 ||    10
       Potion            |       |     1 |       ||     1
Armor: Animal skin       |     6 |       |       ||     6
       Ring mail         |    35 |    51 |       ||    86
       Chain mail        |       |    33 |       ||    33
       Plate armour      |       |       |    14 ||    14
Dodge: Dodged            |    73 |   100 |     8 ||   181

Table legend: (Time is in decaauts)
 A = Elapsed time spent in this place.
 B = Non-inter-level travel time spent in this place.
 C = Inter-level travel time spent in this place.
 D = Time resting spent in this place.
 E = Time spent auto-exploring this place.
 F = Levels seen in this place.
 G = Mean time per level.
                   A        B        C        D        E       F      G
               +--------+--------+--------+--------+--------+-----+--------+
         Total |   4262 |   2538 |   1724 |    679 |    876 |   7 |  608.9 |
       Dungeon |   3797 |   2073 |   1724 |    627 |    876 |   6 |  632.8 |
         Sewer |    465 |    465 |      0 |     52 |      0 |   1 |  465.0 |
               +--------+--------+--------+--------+--------+-----+--------+

Top non-repeatable levels by time:
     D:1: 1131 daAuts
     D:3: 1052 daAuts
     D:4: 825 daAuts
     D:2: 701 daAuts
   Sewer: 465 daAuts
     D:5: 68 daAuts
     D:6: 18 daAuts
